Description

Disclaimer: still somewhat new to this build so might not be 100% optimal, but timing is everything with this build, try to be pushing out or hitting at a little over 5minutes, the longer you wait the worse it gets for you!

This build is IMO stronger than the immortal chargelot all in, plus you take a third so it appears to not be an all in, yet it should hit faster than the immortal chargelot all in.

One thing I like to do is pull out of gas after I have made my robo for warp prism and mined enough for charge, basically only mining minerals.

VOD

https://www.youtube.com/watch?v=qIVQ7ZW32ok

Replay - MCanning pure chargelot all in

Build Order

Get SALT Encoding   

  12  0:01  Probe (Chrono Boost)  
  13  0:11  Probe (Chrono Boost)  
  14  0:18  Pylon  
  14  0:22  Probe (Chrono Boost)  
  15  0:36  Probe (Chrono Boost)  
  16  0:46  Probe (Chrono Boost)  
  17  0:57  Nexus  
  17  1:08  Gateway  
  18  1:11  Probe (Chrono Boost)  
  18  1:22  Probe (Chrono Boost)  
  18  1:23  Assimilator  
  19  1:28  Assimilator  
  19  1:32  Probe (Chrono Boost)  
  20  1:43  Probe (Chrono Boost)  
  21  1:53  Probe (Chrono Boost)  
  22  1:55  Cybernetics Core  
  22  2:04  Probe (Chrono Boost)  
  23  2:09  Pylon  
  23  2:12  Probe (Chrono Boost)  
  23  2:14  Probe (Chrono Boost)  
  25  2:23  Probe (Chrono Boost)  
  25  2:25  Probe (Chrono Boost)  
  27  2:33  Probe (Chrono Boost)  
  27  2:34  Stalker (Chrono Boost)  
  27  2:35  Warp Gate  
  27  2:36  Mothership Core (Chrono Boost)  
  33  2:44  Probe (Chrono Boost)  
  33  2:54  Probe (Chrono Boost)  
  33  2:55  Probe (Chrono Boost)  
  35  3:01  Sentry (Chrono Boost)  
  35  3:05  Probe (Chrono Boost)  
  39  3:07  Probe (Chrono Boost)  
  39  3:15  Probe (Chrono Boost)  
  39  3:19  Probe (Chrono Boost)  
  41  3:21  Nexus  
  41  3:26  Probe (Chrono Boost)  
  42  3:31  Probe (Chrono Boost)  
  42  3:32  Twilight Council  
  42  3:33  Pylon  
  43  3:37  Probe (Chrono Boost)  
  44  3:41  Probe (Chrono Boost)  
  44  3:42  Pylon  
  44  3:48  Probe (Chrono Boost)  
  46  3:52  Probe (Chrono Boost)  
  47  3:57  Robotics Facility  This is about when i stopped mining gas, if you have 200 gas left put it into charge and stop mining gas
  47  3:58  Probe (Chrono Boost)  
  47  4:01  Charge (Chrono Boost)  should no longer need guys in assimilators, maybe one on each gas.
  47  4:02  Probe (Chrono Boost)  
  49  4:09  Probe (Chrono Boost)  
  50  4:11  Probe  
  50  4:12  Gateway  
  50  4:13  Gateway  
  51  4:21  Probe  
  52  4:28  Gateway x2  
  52  4:35  Gateway  
  52  4:36  Gateway  
  52  4:38  Probe  
  53  4:42  Gateway  
  53  4:46  Warp Prism (Chrono Boost)  
  55  4:53  Gateway  
  55  4:55  Gateway  
  55  4:56  Probe x2  
  57  5:00  Pylon  
  57  5:03  Probe  
  58  5:08  Probe  
  59  5:16  Zealot x3  Should be pushing out by now, if not a little sooner if you have executed perfectly
  59  5:21  Pylon  
  65  5:28  Probe, Observer (Chrono Boost)  
  67  5:31  Pylon  
  67  5:34  Zealot x2  
  67  5:35  Zealot x2  
  75  5:38  Zealot  
  75  5:39  Pylon x2, Zealot x3  
  83  5:57  Zealot x5  
  83  5:58  Zealot x2  
  83  5:59  Zealot x2  
  83  6:00  Zealot  
  103  6:17  Zealot  
  103  6:18  Zealot x5  
  105  6:19  Zealot x2  
  105  6:20  Zealot  
  105  6:23  Zealot  
Spawning Tool Build Advisor. Get it on Overwolf

Analysis

Key notes: This build is done off 3 bases not two, twilight goes down very shortly after 3rd nexus is placed down. Try to hit and push out shortly after 5min, if it is past 6min or even near 7min when you attack it is late and more likely to fail. You do chrono charge and Warp prism, but you should chrono probes up until then to get optimal probe saturation when you attack!

Build Weakness's: Early roach ravanger can be somewhat tricky depending on the map, strongest on maps like dusk, orbital and maps with an easy third, would no recommened on maps like Ulrena. You can try it anywhere and it is very very strong, stronger than immortal chargelot IMO, so give it a go!

Go to:

Details

  • Created by: Mcanning      
  • Published on: Jan 19, 2016
  • Modified on: Jan 19, 2016
  • Patch: Pre-3.8.0
Show
View Real Time Build Order
Export as new Build Order

Comments (1)

On Jan. 31, 2016, 2:01 p.m., dontcare  said:

The Nexus at 17 supply / 0:58 is missing in the build order

Create an account to comment!